 Dungeon Crawl Stone Soup version 0.29.1-2-gbd0b4ee654 (webtiles) character file.

Game seed: 10140702036746306989

86 Sabo the Trooper (level 4, -2/39 HPs)
             Began as a Palentonga Fighter on Nov 11, 2022.
             Slain by a gnoll
             ... wielding a +0 club
              (4 damage)
             ... on level 3 of the Dungeon.
             The game lasted 00:08:23 (1953 turns).

Sabo the Trooper (Palentonga Fighter)               Turns: 1953, Time: 00:08:23

Health: -2/39      AC:  9    Str: 24    XL:     4   Next: 27%
Magic:  13/13      EV:  4    Int:  8    God:
Gold:   87         SH:  4    Dex:  9    Spells: 3/3 levels left

rFire   . . .      SeeInvis +   a - +0 war axe
rCold   . . .      Faith    .   c - +0 buckler
rNeg    . . .      Spirit   .   l - +0 plate armour
rPois   +          Reflect  .   (no helmet)
rElec   .          Harm     .   (no cloak)
rCorr   .          Rampage  .   (no gloves)
Will    .....                   (no barding)
Stlth   ..........              (no amulet)
HPRegen 0.13/turn               f - ring of magical power
MPRegen 0.13/turn               j - ring of poison resistance

@: mighty
A: large, rugged brown scales 3, see invisible, deformed body, roll 1, armoured
tail
a: Rolling Charge


You were on level 3 of the Dungeon.
You visited 1 branch of the dungeon, and saw 3 of its levels.

You collected 87 gold pieces.

Inventory:

Hand Weapons
 a - a +0 war axe (weapon)
Missiles
 i - 5 silver javelins (quivered)
Armour
 b - a +0 scale mail
 c - a +0 buckler (worn)
 l - a +0 plate armour (worn)
Jewellery
 f - a ring of magical power (left hand)
 j - a ring of poison resistance (right hand)
Scrolls
 e - a scroll of magic mapping {unknown}
 g - a scroll of identify {unknown}
 h - a scroll of teleportation {unknown}
 k - 2 scrolls of noise {unknown}
 m - a scroll of immolation {unknown}
Potions
 n - 2 potions of curing {unknown}
 o - 2 potions of haste {unknown}


   Skills:
 + Level 3.7 Fighting
 + Level 3.1 Axes
 + Level 3.0 Armour
 + Level 2.9 Shields


You had 3 spell levels left.
You didn't know any spells.
Your spell library contained the following spells:

 Spells                   Type           Power      Damage    Failure   Level
 Magic Dart               Conj           0%         1d3       100%        1
 Call Imp                 Summ           0%         N/A       100%        2
 Mephitic Cloud           Conj/Pois/Air  0%         N/A       100%        3


Dungeon Overview and Level Annotations

Branches:
Dungeon (3/15)

Altars:


Innate Abilities, Weirdness & Mutations

You are completely covered in rugged brown scales. (AC +3, +7% HP)
You have supernaturally acute eyesight. (SInv)
Armour fits poorly on your strangely shaped body.
You can roll at nearby foes to attack.
You have a long armoured tail.


Message History

Things that are here:
a +0 short sword; 2 stones You start resting.
HP restored.
o - 2 murky brown potions (gained 1)
A gnoll comes into view. It is wielding a +0 halberd.
The gnoll shouts!
A gnoll comes into view. It is wielding a +0 halberd.
The gnoll shouts!
A gnoll comes into view. It is wielding a +0 club.
The gnoll shouts!
The gnoll hits you with a +0 halberd!
You feel very mighty all of a sudden. The gnoll hits you but does no damage.
The gnoll barely misses you.
You barely miss the gnoll.
Your tail-slap misses the gnoll.
The gnoll hits you but does no damage. The gnoll hits you with a +0 halberd.
The gnoll hits you but does no damage.
The gnoll hits you from afar with a +0 halberd.
You slash the gnoll!
You kill the gnoll!
The gnoll hits you from afar with a +0 halberd!
* * * LOW HITPOINT WARNING * * *
Your Armour skill increases to level 3!
You have reached level 4!
You feel stronger. The gnoll hits you with a +0 halberd.
* * * LOW HITPOINT WARNING * * *
Things that are here:
a +0 halberd; a gnoll corpse You slash the gnoll!
The gnoll is severely wounded.
You block the gnoll's attack.
You slash the gnoll!
You kill the gnoll!
The gnoll hits you with a +0 club.
* * * LOW HITPOINT WARNING * * *
Your Axes skill increases to level 3!
You closely miss the gnoll. The gnoll barely misses you.
You barely miss the gnoll. The gnoll hits you with a +0 club.
You die...

####### ......# ......#
......#
......##################
................@g......
......################..
......# ####### # #
####### ....... #######


You could see a gnoll.

Vanquished Creatures
  2 gnolls (D:3)
  2 adders
  2 worms (D:2)
  4 orcs (D:3)
  4 ball pythons (D:1)
  7 bats
  3 endoplasms
  3 giant cockroaches (D:1)
  A goblin (D:1)
  2 hobgoblins (D:2)
  3 kobolds
  6 rats
39 creatures vanquished.

Notes
Turn   | Place    | Note
-------+----------+-------------------------------------------
     0 | D:1      | Sabo the Palentonga Fighter began the quest for the Orb.
     0 | D:1      | Reached XP level 1. HP: 19/19 MP: 1/1
   308 | D:1      | Reached XP level 2. HP: 25/25 MP: 2/2
   840 | D:2      | Reached XP level 3. HP: 31/31 MP: 3/3
  1949 | D:3      | Reached XP level 4. HP: 11/39 MP: 4/4
  1951 | D:3      | HP: 1/39 [gnoll/+0 club (5)]
  1953 | D:3      | Slain by a gnoll

Illustrated notes

Levels and vault maps discovered:
D:1:      minmay_arrival_up_and_down, layout_loops_cross
D:2:      layout_rooms
D:3:      layout_rooms, grunt_gozag_breadcrumbs

Skill      XL: |  1  2  3  4 |
---------------+-------------+-----
Armour         | 3 |  3.0
Axes           | 3 |  3.1
Fighting       | |  3.7
Shields        | |  2.9

Action                   |  1- 3 |  4- 6 || total
-------------------------+-------+-------++-------
Melee: War axe           |    81 |     4 ||    85
       Tailslap          |     9 |       ||     9
  Use: Potion            |     1 |       ||     1
Armor: Scale mail        |    27 |       ||    27
       Plate armour      |    43 |       ||    43
Dodge: Dodged            |    15 |     1 ||    16
Block: Buckler           |    21 |     1 ||    22
